 Dungeon Crawl Stone Soup version 0.27.1-2-g3b301248ec (webtiles) character file.

Game seed: 8308056408700777442

16 nxtlvl the Chopper (level 2, -10/26 HPs)
             Began as a Hill Orc Monk on Sept 25, 2021.
             Killed by nerve-wracking pain
             ... invoked by Jessica
              (12 damage)
             ... on level 3 of the Dungeon.
             The game lasted 00:01:57 (258 turns).

nxtlvl the Chopper (Hill Orc Monk)                   Turns: 258, Time: 00:01:58

Health: -10/26     AC:  2    Str: 13    XL:     2   Next: 58%
Magic:  2/2        EV: 12    Int: 10    God:
Gold:   9          SH:  0    Dex: 13    Spells: 1/1 levels left

rFire    . . .     SeeInvis .   a - +0 hand axe
rCold    . . .     Faith    .   (no shield)
rNeg     . . .     Spirit   .   b - +0 robe
rPois    .         Reflect  .   (no helmet)
rElec    .         Harm     .   (no cloak)
rCorr    .         Rampage  .   (no gloves)
Will     .....                  (no boots)
Stlth    ++........             (no amulet)
HPRegen  0.08/turn              (no ring)
MPRegen  0.08/turn              (no ring)

@: no status effects
A: no striking features
a: no special abilities


You were on level 3 of the Dungeon.
You visited 1 branch of the dungeon, and saw 4 of its levels.

You collected 9 gold pieces.

Inventory:

Hand Weapons
 a - a +0 hand axe (weapon)
Missiles
 e - 20 arrows
Armour
 b - a +0 robe (worn)
Scrolls
 d - a scroll of teleportation {unknown}
Potions
 c - a potion of mutation {unknown}


   Skills:
 - Level 3.6 Fighting
 * Level 5.1 Axes
 - Level 2.4 Dodging
 - Level 1.5 Stealth


You had one spell level left.
You didn't know any spells.
Your spell library was empty.

Dungeon Overview and Level Annotations

Branches:
Dungeon (4/15)
 Temple: D:4-7

Altars:

Shops:
D:3 :

Annotations:
D:3 3 runed translucent doors, BigDaddyOpFi's ghost, amateur DESu; Jessica


Message History

You hit the hobgoblin.
You kill the hobgoblin!
A rat comes into view.
You hit the giant cockroach.
The giant cockroach is almost dead.
The giant cockroach closely misses you. The giant cockroach barely misses you.
You hit the giant cockroach but do no damage.
The giant cockroach is almost dead.
The giant cockroach barely misses you.
You hit the giant cockroach.
You kill the giant cockroach!
You see here a hobgoblin corpse.
You hit the rat.
You kill the rat!
You now have 9 gold pieces (gained 2).
You see here 20 arrows.
e - 20 arrows Jessica the Apprentice Sorceress comes into view.
She is wielding a +0 spectral club.
Jessica shouts!
You hit Jessica but do no damage.
Jessica hits you with a +0 spectral club!
You barely miss Jessica.
Jessica mumbles some strange words.
Jessica blinks!
A goblin comes into view. It is wielding a +0 dagger.
Okay, then.
You barely miss Jessica.
Jessica shouts, "You are a ghastly nuisance!"
Jessica points at you and mumbles some strange words.
Pain shoots through your body!
* * * LOW HITPOINT WARNING * * *
Jessica mumbles some strange words.
Jessica seems to speed up.
You hit Jessica but do no damage.
Jessica hits you with a +0 spectral club.
* * * LOW HITPOINT WARNING * * *
You closely miss Jessica. Jessica casts a spell at you.
Pain shoots through your body!
You die...

###...........
#.#.....##
#.#.#†#.#
#.......#
#.###...#
#####.##....####
#..............#
#.###.##..#.####
#.@.##..#.#
#@####..###
#....@..#
######.## ..@
...


You could see Jessica (fast).

Vanquished Creatures
  An endoplasm (D:1)
  A giant cockroach (D:3)
  A goblin (D:1)
  3 hobgoblins
  3 jackals (D:2)
  2 ball pythons (D:1)
  A bat (D:1)
  A kobold (D:1)
  A rat (D:3)
14 creatures vanquished.

Notes
Turn   | Place    | Note
-------+----------+-------------------------------------------
     0 | D:1      | nxtlvl the Hill Orc Monk began the quest for the Orb.
     0 | D:1      | Reached XP level 1. HP: 19/19 MP: 1/1
   113 | D:1      | Reached XP level 2. HP: 17/26 MP: 2/2
   158 | D:2      | Reached skill level 5 in Axes
   179 | D:3      | Found a runed translucent gate.
   179 | D:3      | Found a runed translucent gate.
   179 | D:3      | Found a runed translucent gate.
   180 | D:3      | Noticed BigDaddyOpFi's ghost (amateur DESu)
   202 | D:3      | Found Qaliogg's Book Shoppe.
   241 | D:3      | Noticed Jessica
   258 | D:3      | Killed from afar by Jessica

Illustrated notes

Levels and vault maps discovered:
D:1:      dpeg_arrival_rooms_a, layout_basic, minmay_liquid_box,
          grunt_decor_clamped, minmay_misc_feat_nine_boxes,
          hangedman_abyss_or_decor_stabs
D:2:      layout_loops_ring, basic_altar, serial_aquarium,
          aquarium_bridge_long_joined [aquarium_subvault_wall,
          aquarium_subvault_wall, aquarium_subvault_bridge,
          aquarium_subvault_wall, aquarium_subvault_wall,
          aquarium_subvault_wall], aquarium_window_3, aquarium_window_1,
          aquarium_window_fake, aquarium_window_2, aquarium_view_2e,
          aquarium_view_2a, aquarium_pool_2, minivault_27
D:3:      layout_basic, old_standard_altar, ebering_ghost_rock_garden,
          serial_shops, nicolae_shop_trees, nicolae_shop_waterfront,
          minmay_puff, uniq_grinder, uniq_crazy_yiuf_cottage, uniq_jessica
D:4:      layout_loops_ring, nemelex_xobeh_ov_fountains_minmay, fedhas_altar_3,
          grunt_ministairs_6, nicolae_wooded_promenade,
          hangedman_decor_slide_cut, hangedman_decor_clover_reticule,
          minmay_crossroads

Skill      XL: |  1  2 |
---------------+-------+-----
Axes           | 5 |  5.1
Fighting       | |  3.6
Dodging        | |  2.4
Stealth        | |  1.5

Action                   || total
-------------------------++-------
Melee: Hand axe          ||    40
Armor: Robe              ||     9
Dodge: Dodged            ||    20
